 Dungeon Crawl Stone Soup version 0.23.2 (webtiles) character file.

Game seed: 18190639303852325165

1374 Borgoz the Ducker (level 8, -1/62 (67) HPs)
             Began as a Ghoul Gladiator on Apr 3, 2019.
             Slain by a mummy (12 damage)
             ... in an ossuary.
             The game lasted 00:12:12 (6608 turns).

Borgoz the Ducker (Ghoul Gladiator)                 Turns: 6608, Time: 00:12:14

HP:   -1/62 (67)    AC:  6    Str: 18    XL:     8   Next: 66%
MP:   0/8           EV: 14    Int:  4    God:
Gold: 173           SH:  0    Dex: 11    Spells: 7/7 levels left

rFire    . . .     SeeInvis .   a - +1 rapier (freeze)
rCold    + . .     Gourm    .   (no shield)
rNeg     + + +     Faith    .   b - +0 leather armour
rPois    ∞         Spirit   +   c - +1 helmet
rElec    .         Reflect  .   v - scarf {Spirit}
rCorr    +         Harm     .   o - +0 pair of gloves
MR       .....                  (no boots)
Stlth    ++........             j - amulet of magic regeneration
HPRegen  0.00/turn              q - ring of resist corrosion
MPRegen  0.36/turn              (no ring)

@: rotting
A: rotting body, claws 1, carnivore, cold resistance 1, negative energy
resistance 3, inhibited regeneration, torment resistance, unbreathing
a: no special abilities


You were in an ossuary.
You were not hungry.

You visited 1 branch of the dungeon, and saw 6 of its levels.
You also visited: Ossuary.

You collected 250 gold pieces.
You spent 77 gold pieces at shops.

Inventory:

Hand Weapons
 a - a +1 rapier of freezing (weapon)
 u - a +0 dagger of flaming
Missiles
 r - 11 tomahawks (quivered)
Armour
 b - a +0 leather armour (worn)
 c - a +1 helmet (worn)
 o - a +0 pair of gloves (worn)
 v - a scarf of spirit shield (worn)
Jewellery
 h - an uncursed amulet of regeneration
 j - an amulet of magic regeneration (around neck)
 k - an uncursed ring of flight
 q - a ring of resist corrosion (left hand)
Scrolls
 i - 3 scrolls of teleportation
 n - 8 scrolls of remove curse
 s - 3 scrolls of enchant weapon
 y - a scroll of amnesia
Potions
 e - 2 potions of resistance
Comestibles
 f - 7 rations


   Skills:
 + Level 4.4 Fighting
 * Level 5.2 Short Blades
 - Level 1.7 Throwing
 * Level 4.3 Armour
 * Level 5.4 Dodging
 + Level 3.8 Stealth
 + Level 1.8 Evocations


You had 7 spell levels left.
You didn't know any spells.
Your spell library was empty.

Dungeon Overview and Level Annotations

Branches:
Dungeon (6/15)             Temple (0/1) D:6

Altars:
Dithmenos
Okawaru
Ru
Wu Jian
The Shining One

Shops:
D:4 =   D:5 [?


Innate Abilities, Weirdness & Mutations

Your body is rotting away.
You thrive on raw meat.
You are immune to poison.
You have sharp fingernails.
You are carnivorous and can eat meat at any time.
Your flesh is cold resistant. (rC+)
You are immune to negative energy. (rN+++)
You do not regenerate when monsters are visible.
You are immune to unholy pain and torment.
You can survive without breathing.


Message History

Okay, then.
Okay, then.
You aren't carrying any items that you can evoke.
You hit the mummy. You freeze the mummy.
You destroy the mummy!
The hobgoblin zombie misses you. The mummy hits you!
* * * LOW HITPOINT WARNING * * *
The hobgoblin zombie barely misses you. The hobgoblin zombie misses you.
The gnoll zombie closely misses you. The gnoll zombie misses you.
The hobgoblin zombie hits you.
* * * LOW HITPOINT WARNING * * *
The hobgoblin zombie hits you but does no damage.
The hobgoblin zombie misses you.
An orc zombie comes into view.
The hobgoblin zombie closely misses you.
The mummy hits you!
You die...

....##....##....
..............
............
............
#........#
#......# #.Z..#
#@M..#


#ZZZM# #Z...# #....# #....# #....# #....# #.∩∩.# ###### You could see 2 mummies,
2 hobgoblin zombies, a gnoll zombie and 2 orc zombies.

Vanquished Creatures
  Grinder (D:4)
  Menkaure (D:4)
  A phantom (D:4)
  An ogre (D:5)
  2 bullfrogs
  3 scorpions
  A centaur zombie (D:6)
  A crimson imp (D:5)
  An orc priest (D:3)
  A jelly (D:5)
  2 orc wizards (D:3)
  2 centaur skeletons
  Jessica (D:3)
  Ijyb (D:3)
  An iguana (D:6)
  3 worker ants
  2 mummies (Ossuary)
  A hound skeleton (D:5)
  2 worker ant zombies (D:5)
  5 adders
  2 oozes
  5 worms
  3 dart slugs
  3 leopard geckos
  9 orcs
  A ball python (D:4)
  5 giant cockroaches
  13 goblins
  7 hobgoblins
  12 jackals
  8 kobolds
  3 quokkas
  8 bats
  8 frilled lizards
  2 hobgoblin zombies (Ossuary)
  A quokka zombie (D:5)
  3 rats
126 creatures vanquished.

Notes
Turn   | Place    | Note
-------+----------+-------------------------------------------
     0 | D:1      | Borgoz the Ghoul Gladiator began the quest for the Orb.
     0 | D:1      | Reached XP level 1. HP: 17/17 MP: 0/0
   130 | D:1      | Reached XP level 2. HP: 18/24 MP: 1/1
   513 | D:1      | Reached XP level 3. HP: 28/30 MP: 2/2
   547 | D:1      | Reached skill level 1 in Armour
   919 | D:2      | Reached skill level 1 in Stealth
  1036 | D:2      | Reached XP level 4. HP: 37/37 MP: 3/3
  1583 | D:3      | Reached XP level 5. HP: 29/44 MP: 4/4
  1705 | D:3      | Noticed Jessica
  1712 | D:3      | Killed Jessica
  1749 | D:3      | Reached XP level 6. HP: 23/51 MP: 5/5
  1948 | D:3      | Noticed Ijyb
  1976 | D:3      | Paralysed by Ijyb for 7 turns
  1993 | D:3      | Killed Ijyb
  2228 | D:3      | Found an ornate altar of the Wu Jian Council.
  2228 | D:3      | Found a sacrificial altar of Ru.
  2228 | D:3      | Found a glowing golden altar of the Shining One.
  2369 | D:3      | Found a shadowy altar of Dithmenos.
  3006 | D:4      | Noticed Grinder
  3012 | D:4      | Killed Grinder
  3012 | D:4      | Reached XP level 7. HP: 57/57 MP: 6/6
  3082 | D:4      | Found Laimakuf's Jewellery Boutique.
  3787 | D:4      | Noticed Menkaure
  3806 | D:4      | Killed Menkaure
  4351 | D:5      | Entered Level 5 of the Dungeon
  4508 | D:5      | Reached skill level 1 in Evocations
  4545 | D:5      | Found an iron altar of Okawaru.
  4562 | D:5      | Reached XP level 8. HP: 55/66 MP: 5/7
  4947 | D:5      | Found Cohag's Magic Scroll Boutique.
  4950 | D:5      | Bought 2 scrolls of identify for 44 gold pieces
  4950 | D:5      | Bought a scroll of remove curse for 33 gold pieces
  5003 | D:5      | Reached skill level 5 in Dodging
  5907 | D:4      | Reached skill level 5 in Short Blades
  5985 | D:5      | Found Geass's Antique Armour Shoppe.
  6465 | D:6      | Found a staircase to the Ecumenical Temple.
  6561 | D:6      | Found a sand-covered staircase.
  6566 | Ossuary  | Entered an ossuary
  6608 | Ossuary  | Slain by a mummy

Skill      XL: |  1  2  3  4  5  6  7  8 |
---------------+-------------------------+-----
Dodging        | 3 4 5 |  5.4
Short Blades   | 3 4 5 |  5.2
Armour         | 1 2 3 4 |  4.3
Stealth        | 1 2 3 |  3.8
Fighting       | 3 4 |  4.4
Evocations     | 1 |  1.8
Throwing       | |  1.7

Action                   |  1- 3 |  4- 6 |  7- 9 || total
-------------------------+-------+-------+-------++-------
Melee: Rapier            |    89 |   150 |   154 ||   393
       Dagger            |       |   149 |   426 ||   575
Throw: Throwing net      |       |     1 |     5 ||     6
       Tomahawk          |       |       |     6 ||     6
Evoke: Wand              |       |     2 |       ||     2
  Use: Scroll            |       |       |    14 ||    14
       Potion            |       |       |     7 ||     7
 Stab: Paralysed         |       |     2 |       ||     2
       Sleeping          |       |     1 |     3 ||     4
       Held in net/web   |       |       |     1 ||     1
  Eat: Chunk             |     1 |    24 |    11 ||    36
       Ration            |       |       |     1 ||     1
Armor: Leather armour    |    32 |    95 |   107 ||   234
Dodge: Dodged            |    62 |   191 |   305 ||   558
